 Dungeon Crawl Stone Soup version 0.19.0-19-g8c6edcc (webtiles) character file.

28 AAAAA the Skirmisher (level 3, 0/26 HPs)
             Began as an Octopode Warper on Nov 14, 2016.
             Slain by an ooze (5 damage)
             ... on level 4 of the Dungeon.
             The game lasted 00:02:50 (891 turns).

AAAAA the Skirmisher (Octopode Warper)               Turns: 891, Time: 00:02:51

Health: 0/26       AC:  1    Str: 10    XL:     3   Next: 12%
Magic:  3/6        EV: 13    Int: 15    God:
Gold:   36         SH:  0    Dex: 12    Spells: 2 memorised, 2 levels left

rFire  . . .     SeeInvis .     a - +0 falchion
rCold  . . .     Gourm    .     (no shield)
rNeg   . . .     Faith    .     (helmet restricted)
rPois  .         Spirit   .     (no amulet)
rElec  .         Reflect  .     (no ring)
rCorr  .         Harm     .     (no ring)
MR     .....                    (no ring)
Stlth  ++........               (no ring)
                                (no ring)
                                (no ring)
                                (no ring)
                                (no ring)

@: lethally poisoned (0 -> -2)
A: almost no armour, stealthy swim, amphibious, 8 rings, constrict 8, camouflage
1, gelatinous body 1
a: no special abilities


You were on level 4 of the Dungeon.
You were not hungry.

You visited 1 branch of the dungeon, and saw 5 of its levels.

You collected 36 gold pieces.

Inventory:

Hand Weapons
 a - a +0 falchion (weapon)
Missiles
 d - a tomahawk of dispersal (quivered)
 j - 40 stones
Jewellery
 k - an uncursed ring of see invisible {unknown}
Wands
 m - a wand of lightning (6/15)
Scrolls
 c - a scroll of blinking
 h - a scroll of enchant armour {unknown}
 i - 2 scrolls of identify {unknown}
Potions
 n - a potion of degeneration {unknown}
Books
 b - a book of Spatial Translocations

   Spells                             Type                      Level
   a - Blink                          Translocation                2
   b - Shroud of Golubria             Charms/Translocation         2
   c - Lesser Beckoning               Translocation                3
   d - Portal Projectile              Translocation                3
   e - Teleport Other                 Translocation                3
   f - Passage of Golubria            Translocation                4
Comestibles
 f - 2 bread rations
 l - a beef jerky


   Skills:
 + Level 3.5 Fighting
 - Level 2.0 Long Blades
 - Level 1.0 Throwing
 - Level 2.3 Dodging
 - Level 2.0 Spellcasting
 - Level 3.0 Translocations


You had 2 spell levels left.
You knew the following spells:

 Your Spells              Type           Power        Failure   Level  Hunger
a - Shroud of Golubria    Chrm/Tloc      #.........   17%         2    ###....
b - Blink                 Tloc           N/A          12%         2    ###....


Dungeon Overview and Level Annotations

Branches:
Dungeon (5/15)
 Temple: D:4-7

Altars:


Innate Abilities, Weirdness & Mutations

You cannot wear most types of armour.
You are very stealthy in the water. (Stealth+)
You are amphibious.
You can wear up to eight rings at the same time.
You can use your tentacles to constrict eight enemies at once.
Your skin changes colour to match your surroundings (Stealth+).
Your rubbery body absorbs attacks. (AC +1, EV +1)


Message History

You feel sick. The adder barely misses you. The adder bites you.
You hit the adder. You grab the adder.
The adder is severely wounded.
You constrict the adder. The adder bites you but does no damage.
You hit the adder.
You kill the adder!
You have reached level 3!
Your experience leads to an increase in your attributes!
Increase (S)trength, (I)ntelligence, or (D)exterity?
You feel agile.
You barely miss the ooze. You squeeze the ooze.
The ooze is lightly wounded.
You feel sick. The ooze hits you.
* * * LOW HITPOINT WARNING * * *
You barely miss the ooze. You squeeze the ooze.
The ooze is heavily wounded.
The ooze misses you.
You riposte.
You hit the ooze.
The ooze is almost dead.
The ooze hits you.
You die...

...... #..#.# #
....# # #.#.# #
#.#.# # ## #
#...#.#..# #
#..(#....# #
##########J....# #
#........@##.#......
#
#.........'..#......
# #.........##>#
#..## #
#.........##.# ..# #
#.........##.# .#
########'#.....# #
#.#.#.### #.#.#.#
#.#.#..


You could see an ooze.

Vanquished Creatures
  An adder (D:4)
  A dart slug (D:2)
  A bat (D:3)
  A giant cockroach (D:2)
  A goblin (D:2)
  3 hobgoblins
  4 jackals (D:2)
  A ball python (D:4)
  A kobold (D:2)
  A rat (D:2)
15 creatures vanquished.

Notes
Turn   | Place    | Note
-------+----------+-------------------------------------------
     0 | D:1      | AAAAA the Octopode Warper began the quest for the Orb.
     0 | D:1      | Reached XP level 1. HP: 14/14 MP: 3/3
   142 | D:2      | Reached XP level 2. HP: 12/20 MP: 5/5
   755 | D:4      | Learned a level 2 spell: Shroud of Golubria
   758 | D:4      | Learned a level 2 spell: Blink
   861 | D:5      | Entered Level 5 of the Dungeon
   861 | D:5      | Noticed an ogre
   889 | D:4      | Reached XP level 3. HP: 9/26 MP: 2/6
   891 | D:4      | Slain by an ooze

Skill      XL: |  1  2 |
---------------+-------+-----
Fighting       | 3 |  3.5
Long Blades    | |  2.0
Throwing       | |  1.0
Dodging        | |  2.3
Spellcasting   | |  2.0
Translocations | |  3.0

Action                   || total
-------------------------++-------
Melee: Falchion          ||    39
       Constrict         ||    12
       Tentacles         ||     8
Throw: Tomahawk          ||     4
 Cast: Blink             ||     1
       Shroud of Golubri ||     1
  Use: Potion            ||     1
Armor: Skin              ||     8
Dodge: Dodged            ||    40
       Rpst.: Falchion   ||    13
